 Dungeon Crawl Stone Soup version 0.18-a0-1800-gdc7a371 (webtiles) character file.

121261 Minkie the Bludgeoner (level 16, 0/139 HPs)
             Began as a Minotaur Berserker on Apr 25, 2016.
             Was the Champion of Trog.
             Slain by a naga
             ... wielding a +0 halberd
              (2 damage)
             ... on level 3 of the Snake Pit.
             The game lasted 02:41:12 (27711 turns).

Minkie the Bludgeoner (Minotaur Berserker)         Turns: 27711, Time: 02:41:13

Health: 0/139      AC: 17    Str: 20    XL:     16   Next: 32%
Magic:  33/33      EV: 26    Int:  3    God:    Trog [******]
Gold:   2927       SH:  0    Dex: 22    Spells: 0 memorised, 15 levels left

rFire  + + .     SeeInvis +     w - +8 dire flail "Zuhes" {drain, +Blink rPois Str-2}
rCold  + . .     Gourm    .     R - +2 leather armour of Mumblety Peg {rF++ Regen+ Int-3}
rNeg   . . .     Faith    .     (shield currently unavailable)
rPois  +         Spirit   .     y - +1 hat
rElec  +         Dismiss  .     a - +0 cloak
rCorr  .         Reflect  .     j - +0 pair of gloves
SustAt .         Harm     .     N - +1 pair of boots {Fly}
MR     ++...                    K - amulet of Yxitem {RegenMP rPois rC+ MR+ Dex+7}
Stlth  +++.......               h - +3 ring of protection
                                t - ring of Secrets {+Fly rElec MP+9 SInv Stlth+}

@: lethally poisoned (0 -> 0), flying, very slightly contaminated, very
resistant to hostile enchantments, fairly stealthy
A: retaliatory headbutt, horns 2
a: Berserk, Trog's Hand, Brothers in Arms, Burn Spellbooks, Renounce Religion,
Evoke Blink, Stop Flying


You were on level 3 of the Snake Pit.
You worshipped Trog.
Trog was exalted by your worship.
You were not hungry.

You visited 4 branches of the dungeon, and saw 24 of its levels.
You also visited: Labyrinth, Sewer, Ice Cave and Volcano.

You collected 3582 gold pieces.
You spent 655 gold pieces at shops.

Inventory:

Hand Weapons
 p - the +5 great mace "Yhouwet" {speed, Str+2}
   (Trog gifted it to you on level 2 of the Orcish Mines)

   Attacks with this weapon are significantly faster.
   It affects your strength (+2).
 w - the +8 dire flail "Zuhes" (weapon) {drain, +Blink rPois Str-2}
   (Trog gifted it to you on level 2 of the Lair of Beasts)

   A truly terrible weapon, it drains the life of those it strikes.
   It affects your strength (-2).
   It protects you from poison.
   It lets you blink.
 O - a +6 antimagic demon whip
Missiles
 g - 107 bolts
 J - 78 arrows
Armour
 a - a +0 cloak (worn)
 j - a +0 pair of gloves (worn)
 y - a +1 hat (worn)
 B - the +2 leather armour "Olucoah" {+Blink Str+4 Dex-3}
   (You found it on level 2 of the Snake Pit)

   It affects your strength (+4).
   It affects your dexterity (-3).
   It lets you blink.
 N - a +1 pair of boots of flying (worn)
 R - the +2 leather armour of Mumblety Peg (worn) {rF++ Regen+ Int-3}
   (You found it on level 7 of the Dungeon)

   It affects your intelligence (-3).
   It greatly protects you from fire.
   It increases your rate of regeneration.
Rods
 A - a +8 rod of shadows (10/10)
   (You took it off a minotaur in a labyrinth)
 L - a +0 iron rod (11/11)
   (You found it in a labyrinth)
 Y - a +2 lightning rod (12/12)
   (You found it on level 3 of the Lair of Beasts)
Jewellery
 h - a +3 ring of protection (right hand)
 t - the ring of Secrets (left hand) {+Fly rElec MP+9 SInv Stlth+}
   (You bought it in a shop on level 2 of the Orcish Mines)

   [ring of stealth]

   It insulates you from electricity.
   It affects your magic capacity (+9).
   It lets you see invisible.
   It lets you fly.
   It makes you more stealthy.
 H - the ring of Tustrege {rElec rF- rN+ Str+4 Int+4}
   (You found it on level 8 of the Lair of Beasts)

   [ring of intelligence]

   It affects your strength (+4).
   It affects your intelligence (+4).
   It makes you vulnerable to fire.
   It insulates you from electricity.
   It protects you from negative energy.
 K - the amulet of Yxitem (around neck) {RegenMP rPois rC+ MR+ Dex+7}
   (You found it in an ice cave)

   [amulet of magic regeneration]

   It increases your magic regeneration.
   It affects your dexterity (+7).
   It protects you from cold.
   It protects you from poison.
   It affects your resistance to hostile enchantments.
 Q - an uncursed ring of protection from fire
Wands
 f - a wand of digging (14/24)
 M - a wand of paralysis (8/24)
 T - a wand of digging (11/24)
Scrolls
 e - 14 scrolls of remove curse
 l - 6 scrolls of teleportation
 r - 7 scrolls of identify
 x - 5 scrolls of fog
 z - 2 scrolls of fear
 D - 5 scrolls of recharging
 E - 6 scrolls of magic mapping
Potions
 d - 4 potions of cancellation
 i - a potion of resistance
 m - 4 potions of haste
 o - 7 potions of agility
 u - 9 potions of curing
 C - 3 potions of heal wounds
 F - 5 potions of might
 I - a potion of cure mutation
Miscellaneous
 b - a stone of tremors
 n - a sack of spiders
Comestibles
 c - 5 bread rations
 k - 9 fruits
 q - 7 meat rations
 s - 8 chunks of flesh
 v - 27 royal jellies


   Skills:
 + Level 11.9 Fighting
 + Level 18.8 Maces & Flails
 + Level 15.5 Armour
 + Level 14.1 Dodging
 + Level 12.3 Evocations


You had 15 spell levels left.
You didn't know any spells.

Dungeon Overview and Level Annotations

Branches:
Dungeon (11/15)            Temple (0/1) D:4            Lair (8/8) D:8
 Shoals (0/4) Lair:4        Snake (3/4) Lair:4        Slime (0/6) Lair:8
    Orc (2/2) D:11            Elf (0/3) Orc:2

Altars:
Cheibriados
Elyvilon
Nemelex Xobeh
Okawaru
Trog
Xom

Shops:
Orc:2 :?=%(

Annotations:
D:6 1 runed door
Snake:3 Agnes


Innate Abilities, Weirdness & Mutations

You reflexively headbutt those who attack you in melee.
You have a pair of horns on your head.


Message History

* * * LOW HITPOINT WARNING * * *
Read which item? (? for menu, Esc to quit)
Blink to where?
Press: ? - help, Dir - move target cursor You are very lightly contaminated with residual magic.
As you read the scroll of blinking, it crumbles to dust.
The greater naga spits poison at you. The splash of poison hits you!
You resist.
* * * LOW HITPOINT WARNING * * *
The greater naga gestures at you while chanting.
The poison arrow hits you!
You are poisoned.
You partially resist.
* * * LOW HITPOINT WARNING * * *
You feel sick.
You feel sick.
The naga hits you from afar with a halberd!
* * * LOW HITPOINT WARNING * * *
The naga hits you from afar with a halberd.
You die...

.....########.....####...........
....#####..######## #...........
...##.......## #...........
...#.........#### #...<.......
...#..#.........## ###.........
...##.#..........# ##........
...##.....##.....## ##>.......
....###..#####....######...#....÷
....####.#####..@.))).....###....
.....#...N.......#.)########.....
...[....#...##N#####)............
.......####.#)## ###########...
..........####.# ##.. ....N#..###
#)#†....# #... ....#####
...###....# >.... .....#### #...
###. ..... ........# #..#####
....(


You could see a greater naga and a naga.

Vanquished Creatures
  Gastronok (D:8)
  A greater naga (Snake:3)
  The ghost of biohard the Warrior, a journeyman OgBe of Trog (Lair:5)
  Azrael (Snake:1)
  The ghost of edsrzf the Carver, a journeyman DsFE of Okawaru (Lair:6)
  Josephine (Lair:7)
  Snorg (D:11)
  An ettin (D:11)
  A minotaur (Lab)
  2 ice dragons (IceCv)
  Fannar (Lair:2)
  4 naga warriors
  9 hydras
  2 catoblepae
  8 anacondas
  A queen ant (Lair:3)
  Erica (Orc:1)
  8 death yaks (Lair:8)
  6 shock serpents
  3 orc high priests (Orc:2)
  8 naga sharpshooters
  Nergalle (D:11)
  2 unseen horrors (Lab)
  2 naga ritualists
  A lindwurm (Lair:8)
  A hill giant (D:11)
  6 orc knights
  3 mana vipers
  3 salamanders
  A cyclops (Orc:2)
  An ugly thing (D:8)
  5 orc sorcerers
  A manticore (D:11)
  3 naga magi
  24 black mambas
  17 elephants
  2 ice statues (IceCv)
  A guardian serpent (Snake:3)
  A gargoyle (D:11)
  5 torpor snails (Lair:8)
  18 spiny frogs
  9 komodo dragons
  7 rime drakes
  A troll (D:9)
  2 polar bears
  A queen bee (Lair:6)
  A giant leech (Lair:8)
  A two-headed ogre (Orc:2)
  A snapping turtle (Lair:4)
  24 blink frogs
  2 boulder beetles (Lair:8)
  2 shadows (D:11)
  A spriggan (Lair:5)
  39 yaks
  5 wraiths (Lair:7)
  4 fire elementals (Snake:1)
  3 basilisks
  12 hippogriffs
  Menkaure (D:4)
  A mottled dragon (Volcano)
  2 wargs
  14 nagas
  21 soldier ants
  5 porcupines
  28 water moccasins
  3 hell hounds
  2 black bears
  3 sky beasts
  17 ice beasts
  21 orc warriors
  2 phantoms
  14 ogres
  20 wolves
  9 centaurs
  3 big kobolds
  13 crocodiles
  15 giant frogs
  A gnoll sergeant (D:5)
  A wyvern skeleton (D:11)
  3 scorpions
  25 killer bees (Lair:6)
  19 wights
  5 howler monkeys
  A centaur zombie (D:6)
  2 crimson imps
  3 giant frog zombies (D:6)
  23 jellies
  5 giant frog skeletons
  9 hounds
  12 orc priests
  2 centaur skeletons
  20 orc wizards
  Terence (D:3)
  6 iguanas
  27 worker ants
  38 sheep
  2 hound zombies
  A howler monkey zombie (D:5)
  A howler monkey skeleton (D:8)
  3 worker ant zombies
  31 adders
  13 gnolls
  62 river rats
  4 shadow imps
  12 white imps
  7 oozes
  An adder zombie (D:6)
  A worm (D:3)
  A dart slug (D:2)
  2 giant geckos
  57 orcs
  18 ball pythons
  17 bats
  9 giant cockroaches
  35 goblins
  26 hobgoblins
  7 jackals
  5 quokkas
  8 giant newts
  10 kobolds
  A quokka skeleton (D:4)
  43 rats
  2 fungi
  A plant (Lair:5)
1052 creatures vanquished.

Vanquished Creatures (others)
  A wolf (Lair:5)
  An orc wizard (Orc:2)
  A river rat (Lair:5)
  A goblin (D:5)
  26 fungi
  9 plants
39 creatures vanquished.

Grand Total: 1091 creatures vanquished

Notes
Turn   | Place    | Note
--------------------------------------------------------------
     0 | D:1      | Minkie the Minotaur Berserker began the quest for the Orb.
     0 | D:1      | Reached XP level 1. HP: 19/19 MP: 0/0
   156 | D:1      | Reached XP level 2. HP: 19/26 MP: 1/1
   193 | D:1      | Reached skill level 4 in Maces & Flails
   710 | D:2      | Reached ** piety under Trog
   710 | D:2      | Reached XP level 3. HP: 7/33 MP: 2/2
  1324 | D:2      | Reached XP level 4. HP: 31/40 MP: 3/3
  1350 | D:2      | Reached skill level 5 in Maces & Flails
  1755 | D:3      | Noticed Terence
  1768 | D:3      | Killed Terence
  1768 | D:3      | Reached skill level 1 in Evocations
  1892 | D:3      | Found a sparkling altar of Nemelex Xobeh.
  1893 | D:3      | Reached XP level 5. HP: 46/46 MP: 4/4
  2639 | D:3      | Found a bloodstained altar of Trog.
  2896 | D:4      | Found a glowing drain.
  2902 | D:4      | Reached *** piety under Trog
  2929 | Sewer    | Entered a sewer
  3213 | Sewer    | Reached **** piety under Trog
  3265 | Sewer    | Reached XP level 6. HP: 25/52 MP: 6/6
  3520 | Sewer    | Reached skill level 6 in Maces & Flails
  3755 | D:4      | Noticed Menkaure
  3768 | D:4      | Killed Menkaure
  3768 | D:4      | Reached skill level 7 in Maces & Flails
  3768 | D:4      | Reached XP level 7. HP: 48/59 MP: 7/7
  3816 | D:4      | Found a staircase to the Ecumenical Temple.
  4322 | D:5      | Entered Level 5 of the Dungeon
  4327 | D:5      | Reached skill level 5 in Armour
  4532 | D:5      | Reached ***** piety under Trog
  4592 | D:5      | Reached skill level 8 in Maces & Flails
  4592 | D:5      | Reached XP level 8. HP: 50/66 MP: 9/9
  4794 | D:5      | Reached skill level 5 in Dodging
  4798 | D:5      | Received a gift from Trog
  5238 | D:5      | Reached skill level 9 in Maces & Flails
  6105 | D:6      | Reached XP level 9. HP: 60/71 MP: 11/11
  6618 | D:6      | Reached skill level 10 in Maces & Flails
  6648 | D:6      | Found a white marble altar of Elyvilon.
  6649 | D:6      | Found a runed door.
  6649 | D:6      | Noticed an angel
  7382 | D:7      | Got a faintly glowing leather armour
  7393 | D:7      | Identified the +2 leather armour of Mumblety Peg {rF++ Regen+ Int-3} (You found it on level 7 of the Dungeon)
  7428 | D:7      | Found a shimmering altar of Xom.
  7562 | D:7      | Found an iron altar of Okawaru.
  7594 | D:7      | Reached skill level 5 in Evocations
  7864 | D:8      | Reached skill level 11 in Maces & Flails
  7868 | D:8      | Found a staircase to the Lair.
  7885 | Lair:1   | Entered Level 1 of the Lair of Beasts
  8068 | D:8      | Reached ****** piety under Trog
  8220 | D:8      | Received a gift from Trog
  8268 | D:8      | Reached XP level 10. HP: 73/78 MP: 13/13
  8443 | D:8      | Noticed Gastronok
  8483 | D:8      | Killed Gastronok
  8483 | D:8      | Reached skill level 12 in Maces & Flails
  8606 | D:8      | Noticed a purple ugly thing
  8612 | D:8      | Killed a purple ugly thing
  8939 | D:9      | Reached skill level 13 in Maces & Flails
  9192 | D:9      | Reached XP level 11. HP: 80/84 MP: 13/15
  9449 | D:9      | Received a gift from Trog
  9844 | D:10     | Entered Level 10 of the Dungeon
 10292 | D:11     | Found a staircase to the Orcish Mines.
 10294 | D:11     | Noticed a hill giant
 10301 | D:11     | Killed a hill giant
 10447 | D:11     | Reached skill level 10 in Armour
 10737 | D:11     | Reached skill level 14 in Maces & Flails
 10799 | D:11     | Got a smelly leather armour
 10810 | D:11     | Identified the +3 leather armour of Cinguon {MP+9 Stlth+} (You found it on level 11 of the Dungeon)
 10832 | D:11     | Noticed Snorg
 10837 | D:11     | Killed Snorg
 10889 | D:11     | Noticed Nergalle
 10904 | D:11     | Killed Nergalle
 11301 | Lair:1   | Noticed a five-headed hydra
 11311 | Lair:1   | Killed a five-headed hydra
 11486 | Lair:1   | Reached XP level 12. HP: 80/91 MP: 17/17
 11569 | Lair:1   | HP: 4/91 [poisoned by a spiny frog]
 11574 | Lair:1   | HP: 2/91 [poisoned by a spiny frog]
 11579 | Lair:1   | HP: 2/91 [poisoned by a spiny frog]
 11584 | Lair:1   | HP: 2/91 [poisoned by a spiny frog]
 11589 | Lair:1   | HP: 3/91 [poisoned by a spiny frog]
 12114 | Lair:1   | Noticed a five-headed hydra
 12120 | Lair:1   | Killed a five-headed hydra
 12120 | Lair:1   | Reached skill level 15 in Maces & Flails
 12336 | Lair:2   | Received a gift from Trog
 12341 | Lair:2   | Got a warped dire flail {god gift}
 12342 | Lair:2   | Identified the +8 dire flail "Zuhes" {drain, +Blink rPois Str-2} (Trog gifted it to you on level 2 of the Lair of Beasts)
 12618 | Lair:2   | Reached skill level 10 in Dodging
 13130 | Lair:2   | Noticed a four-headed hydra
 13139 | Lair:2   | Killed a four-headed hydra
 13158 | Lair:2   | Noticed Fannar
 13230 | Lair:2   | Killed Fannar
 13649 | Lair:3   | Reached skill level 16 in Maces & Flails
 13759 | Lair:3   | Noticed a queen ant
 13776 | Lair:3   | Killed a queen ant
 13824 | Lair:3   | Reached XP level 13. HP: 55/99 MP: 18/18
 13834 | Lair:3   | Received a gift from Trog
 13941 | Lair:3   | Reached skill level 5 in Fighting
 14178 | Lair:3   | Got a sapphire-encrusted chain mail
 14285 | Lair:1   | Identified the +0 chain mail of the Princess {rC+} (You found it on level 3 of the Lair of Beasts)
 14684 | Lair:4   | Received a gift from Trog
 14733 | Lair:4   | Found a frozen archway.
 14763 | Lair:4   | Found a labyrinth entrance.
 14782 | Lab      | Entered a labyrinth
 15139 | Lab      | Noticed a minotaur
 15144 | Lab      | Killed a minotaur
 15146 | Lab      | Got a sparkling platinum ring
 15163 | Lair:4   | Lost intelligence.
 15163 | Lair:4   | Identified the ring "Xonka" {Fire rPois rN+ Str+8 Int-2} (You found it in a labyrinth)
 15195 | Lair:4   | Identified a +6 rod of shadows (9/9) (You took it off a minotaur in a labyrinth)
 15224 | Lair:4   | Found a dark tunnel.
 15231 | Volcano  | Entered a volcano
 15319 | IceCv    | Entered an ice cave
 15815 | IceCv    | Got a bound zirconium amulet
 15844 | IceCv    | Identified the amulet of Yxitem {RegenMP rPois rC+ MR+ Dex+7} (You found it in an ice cave)
 16004 | Lair:4   | Reached skill level 10 in Evocations
 16124 | Lair:4   | Received a gift from Trog
 16369 | Lair:4   | Found a staircase to the Snake Pit.
 16659 | Lair:4   | Found a staircase to the Shoals.
 16861 | Lair:5   | Noticed biohard's ghost (journeyman OgBe)
 16874 | Lair:5   | Killed biohard's ghost
 17016 | Lair:5   | Reached XP level 14. HP: 54/113 MP: 20/20
 17404 | Lair:5   | Reached skill level 17 in Maces & Flails
 17628 | Lair:5   | Received a gift from Trog
 17634 | Lair:5   | Got a fine dire flail {god gift}
 17635 | Lair:5   | Identified the +2 dire flail "Eblozoqiru" {flame, rPois MR+ Dex-5} (Trog gifted it to you on level 5 of the Lair of Beasts)
 17967 | Orc:1    | Entered Level 1 of the Orcish Mines
 17967 | Orc:1    | Noticed Erica
 17981 | Orc:1    | Killed Erica
 18300 | Orc:1    | Paralysed by an orc sorcerer for 3 turns
 19035 | Orc:2    | Entered Level 2 of the Orcish Mines
 19039 | Orc:2    | Found a staircase to the Elven Halls.
 19151 | Orc:2    | Found Xiliuvin's Antique Weapon Shop.
 19370 | Orc:2    | Received a gift from Trog
 19373 | Orc:2    | Got a pitted great mace {god gift}
 19387 | Orc:2    | Identified the +5 great mace "Yhouwet" {speed, Str+2} (Trog gifted it to you on level 2 of the Orcish Mines)
 19690 | Orc:2    | Found Niofobli's Jewellery Shop.
 19690 | Orc:2    | Found Urima's Food Shoppe.
 19692 | Orc:2    | Found Jaeket's Book Shop.
 19692 | Orc:2    | Found Ejol's Magic Scroll Shoppe.
 19701 | Orc:2    | Bought a scroll of random uselessness for 13 gold pieces
 19710 | Orc:2    | Bought the ring of Secrets {+Fly rElec MP+9 SInv Stlth+} for 642 gold pieces
 20514 | Lair:6   | Noticed edsrzf's ghost (journeyman DsFE)
 20536 | Lair:6   | Killed edsrzf's ghost
 20849 | Lair:6   | Received a gift from Trog
 21018 | Lair:6   | You fall through a shaft for 2 floors!
 21018 | Lair:8   | Entered Level 8 of the Lair of Beasts
 21298 | Lair:8   | Found a snail-covered altar of Cheibriados.
 21378 | Lair:8   | Got a flickering bone ring
 21379 | Lair:8   | Identified the ring of Tustrege {rElec rF- rN+ Str+4 Int+4} (You found it on level 8 of the Lair of Beasts)
 21638 | Lair:7   | Reached XP level 15. HP: 126/126 MP: 22/22
 21889 | Lair:7   | Received a gift from Trog
 21978 | Lair:7   | Reached skill level 10 in Fighting
 22003 | Lair:7   | Noticed Josephine
 22016 | Lair:7   | Killed Josephine
 23037 | Lair:8   | Reached skill level 18 in Maces & Flails
 23166 | Lair:8   | Found a staircase to the Slime Pits.
 23187 | Lair:8   | Received a gift from Trog
 24440 | Snake:1  | Entered Level 1 of the Snake Pit
 24515 | Snake:1  | Noticed Azrael
 24544 | Snake:1  | Killed Azrael
 25391 | Snake:1  | Reached skill level 15 in Armour
 25476 | Snake:1  | You fall through a shaft!
 25859 | Snake:2  | Got a slimy leather armour
 25860 | Snake:2  | Identified the +2 leather armour "Olucoah" {+Blink Str+4 Dex-3} (You found it on level 2 of the Snake Pit)
 26080 | Snake:2  | Received a gift from Trog
 26087 | Snake:2  | Reached XP level 16. HP: 90/138 MP: 24/24
 27157 | Snake:3  | Identified a scroll of acquirement
 27207 | Snake:3  | Received a gift from Trog
 27683 | Snake:3  | Noticed Agnes
 27710 | Snake:3  | HP: 2/139 [naga/halberd (13)]
 27711 | Snake:3  | Slain by a naga

Vault maps used:
D:1:      lemuel_arrival_muddy
D:3:      lightli_temple_of_fire, nemelex_deck, uniq_terence
D:4:      temple_hall_moat, portal_sewer_entry_c, uniq_menkaure
D:5:      minmay_goblin_kobold_castle, first_bread, feat_on_display
D:6:      grunt_ministairs_2, lemuel_angel_altar
D:7:      nicolae_overflow_crystal_walls, okawaru_trees_1
D:8:      kennysheep_windowed_halls, grunt_lair_entry_orc_guard_hut,
          hangedman_little_slice_of_home, uniq_gastronok
D:11:     orc_0_dummy, uniq_nergalle, uniq_snorg
Lair:1:   grunt_megastairs_3, infiniplex_staircase_pool_2
Lair:2:   grunt_megastairs_1, uniq_fannar
Lair:3:   minivault_29, infiniplex_staircase_pool
Lair:4:   minmay_shoals_entry_hut, minmay_snake_entry_six_corridors,
          lightli_volcano_entry_magma_tube, lab_entry_generic,
          portal_ice_cave_entry_imps
Lair:5:   forest_entry_grove, serial_bayou_shore_a
Lair:6:   grunt_megastairs_2, serial_bayou_shore_b
Lair:7:   uniq_josephine
Lair:8:   hangedman_lair_in_review, minmay_slime_entry_jelly_boxes,
          minivault_19, minivault_25, kennysheep_snail_temple
Snake:1:  uniq_azrael
Snake:2:  minmay_snake_river
Snake:3:  uniq_wiglaf, uniq_agnes
Orc:1:    uniq_erica
Orc:2:    grunt_orc_tribal_feast, serial_shops, nicolae_shop_crystal
Lab:      labyrinth_mini_lab, nicolae_lab_blocks, labyrinth_skeletal_remains,
          nicolae_lab_statue, nicolae_lab_hexagon, lab_statue,
          nicolae_lab_flowing_pool
Sewer:    sewer_minmay_w
IceCv:    ice_cave_small_dragons
Volcano:  volcano_caves

Skill      XL: |  1  2  3  4  5  6  7  8  9 10 11 12 13 14 15 16 |
---------------+-------------------------------------------------+-----
Maces & Flails | 4 5 7 8 9 11 13 14 16 17 18 | 18.8
Armour         | 3 4 5 6 8 9 10 11 13 14 15 | 15.5
Fighting       | 4 7 9 11 | 11.9
Evocations     | 1 2 3 4 5 6 8 9 10 11 12 | 12.3
Dodging        | 3 4 5 7 8 9 10 11 12 13 14 | 14.1

Action                   |  1- 3 |  4- 6 |  7- 9 | 10-12 | 13-15 | 16-18 || total
-------------------------+-------+-------+-------+-------+-------+-------++-------
Melee: Mace              |    83 |   216 |   254 |       |       |       ||   553
       Headbutt          |     6 |    26 |    98 |   157 |   402 |    54 ||   743
       Flail             |       |       |   236 |   236 |       |       ||   472
       Dire flail        |       |       |       |   487 |  1533 |   161 ||  2181
Invok: Trog's Hand       |     1 |     2 |     1 |     2 |     4 |       ||    10
       Berserk           |       |     3 |     3 |     5 |     5 |       ||    16
       Burn Spellbooks   |       |       |       |     4 |     4 |       ||     8
 Abil: Evoke Blink       |       |       |       |       |       |     2 ||     2
       Evoke Flight      |       |       |       |       |       |     2 ||     2
Evoke: Rod               |       |       |       |       |     8 |       ||     8
       Wand              |       |       |       |       |     1 |       ||     1
  Use: Scroll            |       |       |     8 |     9 |    19 |     3 ||    39
       Potion            |       |       |       |       |     2 |     1 ||     3
 Stab: Sleeping          |     1 |       |       |       |    10 |     3 ||    14
       Petrified         |       |       |       |       |     3 |       ||     3
       Petrifying        |       |       |       |       |     1 |       ||     1
       Distracted        |       |       |       |       |     1 |     2 ||     3
  Eat: Chunk             |     1 |    11 |    18 |    22 |    31 |     4 ||    87
       Beef jerky        |       |       |     1 |     1 |     4 |       ||     6
       Fruit             |       |       |       |       |     3 |       ||     3
       Pizza             |       |       |       |       |     2 |     1 ||     3
       Bread ration      |       |       |       |       |     1 |       ||     1
Armor: Animal skin       |    22 |     1 |       |       |       |       ||    23
       Plate armour      |       |   200 |   233 |       |       |       ||   433
       Leather armour    |       |       |    32 |   153 |   231 |    20 ||   436
Dodge: Dodged            |    70 |   128 |   252 |   381 |  1126 |   122 ||  2079
